 Dungeon Crawl Stone Soup version 0.28.0-43-g3370ac3207 (webtiles) character file.

Game seed: 13847305838295110601

117845 jimonade the Covert (level 16, -18/126 HPs)
             Began as a Gnoll Wanderer on Mar 14, 2022.
             Was a High Priest of Okawaru.
             Demolished by a naga warrior
             ... wielding a +0 scimitar
              (34 damage)
             ... on level 4 of the Snake Pit.
             The game lasted 03:00:20 (38666 turns).

jimonade the Covert (Gnoll Wanderer)               Turns: 38666, Time: 03:00:20

Health: -18/126    AC: 30    Str: 30    XL:     16   Next: 75%
Magic:  29/31      EV: 13    Int: 10    God:    Okawaru [*****.]
Gold:   1771       SH: 28    Dex: 16    Spells: 37/37 levels left

rFire   + . .      SeeInvis .   L - +9 spear (vorpal)
rCold   + + .      Faith    .   R - +3 tower shield {rC+}
rNeg    . . .      Spirit   .   t - +9 chain mail of the Other Side {rElec Str+7}
rPois   .          Reflect  +   A - +2 helmet
rElec   +          Harm     .   I - scarf {rC+ rF+}
rCorr   .          Rampage  .   V - +2 pair of gloves
Will    +....                   (no boots)
Stlth   ++++......              F - amulet of reflection
HPRegen 0.31/turn               B - +6 ring of strength
MPRegen 0.22/turn               p - ring of flight

@: lethally poisoned (-18 -> -19), about to teleport, heroic, finesse-ful,
weakened, flying, slowed, constricted, very slow
A: fangs 1, strong nose, distributed training
a: Renounce Religion, Heroism, Finesse, Duel


You were on level 4 of the Snake Pit.
You worshipped Okawaru.
Okawaru was extremely pleased with you.
You visited 5 branches of the dungeon, and saw 24 of its levels.
You also visited: Ice Cave.

You collected 1891 gold pieces.
You spent 120 gold pieces at shops.

Inventory:

Hand Weapons
 b - a +4 battleaxe
 d - a +6 mace
 v - a +4 arbalest
 L - a +9 vorpal spear (weapon)
Missiles
 a - 23 atropa-tipped darts
 e - 3 silver javelins
 h - 760 stones
 k - 6 boomerangs of dispersal
 m - 14 javelins (quivered)
 q - 271 bolts
 u - 809 arrows
 w - 14 datura-tipped darts
 H - a throwing net
 M - 36 poisoned darts
 O - 75 sling bullets
Armour
 g - a +1 buckler of cold resistance
 t - the +9 chain mail of the Other Side (worn) {rElec Str+7}
   (You found it on level 3 of the Dungeon)

   Str:       It affects your strength (+7).
   rElec:     It insulates you from electricity.
 A - a +2 helmet (worn)
 I - a scarf of resistance (worn)
 R - a +3 tower shield of cold resistance (worn)
 V - a +2 pair of gloves (worn)
 Z - a +2 robe of fire resistance
Jewellery
 f - a ring of positive energy
 p - a ring of flight (right hand)
 x - a ring of protection from cold
 B - a +6 ring of strength (left hand)
 C - a ring of magical power
 D - an amulet of magic regeneration
 F - an amulet of reflection (around neck)
 P - a ring of positive energy
 W - a +4 ring of evasion
Wands
 c - a wand of flame (7)
 i - a wand of iceblast (20)
 l - a wand of paralysis (5)
 G - a wand of acid (24)
 U - a wand of digging (6)
Scrolls
 j - 10 scrolls of teleportation
 s - 5 scrolls of enchant weapon
 y - 3 scrolls of magic mapping
 K - 11 scrolls of identify
 Q - 2 scrolls of blinking
 T - 4 scrolls of fog
Potions
 n - 2 potions of might
 o - a potion of resistance {unknown}
 r - 2 potions of curing
 z - 4 potions of flight
 J - a potion of magic
 N - a potion of haste
 S - 4 potions of ambrosia
 X - 2 potions of brilliance
 Y - a potion of berserk rage
Miscellaneous
 E - a tin of tremorstones (2/2)


   Skills:
 + Level 11.4(16.4) Fighting
 + Level 11.4(16.4) Short Blades
 + Level 11.1(16.1) Long Blades
 + Level 11.1(16.1) Axes
 + Level 12.0(17.0) Maces & Flails
 + Level 11.1(16.1) Polearms
 + Level 11.1(16.1) Staves
 + Level 11.1(16.1) Slings
 + Level 11.1(16.1) Bows
 + Level 11.1(16.1) Crossbows
 + Level 11.1(16.1) Throwing
 + Level 12.0(17.0) Armour
 + Level 11.1(16.1) Dodging
 + Level 12.6(17.6) Stealth
 + Level 11.1(16.1) Shields
 + Level 11.1(16.1) Unarmed Combat
 + Level 11.1 Spellcasting
 + Level 9.4 Conjurations
 + Level 9.4 Hexes
 + Level 9.4 Summonings
 + Level 9.4 Necromancy
 + Level 9.4 Translocations
 + Level 9.4 Transmutations
 + Level 9.4 Fire Magic
 + Level 9.4 Ice Magic
 + Level 9.4 Air Magic
 + Level 9.4 Earth Magic
 + Level 9.4 Poison Magic
 + Level 12.4 Invocations
 + Level 11.1 Evocations


You had 37 spell levels left.
You didn't know any spells.
Your spell library contained the following spells:

 Spells                   Type           Power      Damage    Failure   Level
 Beastly Appendage        Tmut           48%        N/A       2%          1
 Corpse Rot               Necr/Air       48%        N/A       3%          2
 Ensorcelled Hibernation  Hex/Ice        48%        N/A       3%          2
 Poisonous Vapours        Pois/Air       48%        N/A       3%          2
 Sublimation of Blood     Necr           24%        N/A       3%          2
 Wereblood                Tmut           24%        N/A       3%          2
 Dazzling Flash           Conj/Hex       48%        N/A       8%          3
 Gell's Gravitas          Tloc           24%        N/A       8%          3
 Spider Form              Tmut/Pois      24%        N/A       8%          3
 Teleport Other           Tloc           24%        N/A       8%          3
 Anguish                  Hex/Necr       12%        N/A       24%         4
 Leda's Liquefaction      Hex/Erth       12%        N/A       24%         4
 Petrify                  Tmut/Erth      24%        N/A       24%         4
 Agony                    Necr           24%        N/A       56%         5
 Lee's Rapid Deconstruct  Erth           12%        3d9*      56%         5
 Metabolic Englaciation   Hex/Ice        12%        N/A       56%         5
 Silence                  Hex/Air        12%        N/A       56%         5
 Dispersal                Tloc           12%        N/A       98%         6
 Statue Form              Tmut/Erth      16%        N/A       98%         6
 Summon Hydra             Summ           Unusable   N/A       N/A         7

Dungeon Overview and Level Annotations

Branches:
Dungeon (15/15)            Temple (1/1) D:6            Lair (3/6) D:8
  Swamp (0/4) Lair:3        Snake (4/4) Lair:3          Orc (0/2) D:10
 Vaults (0/5) D:13         Depths (1/4) D:15          IceCv (visited)

Altars:
Ashenzari
Cheibriados
Dithmenos
Elyvilon
Fedhas
Gozag
Hepliaklqana
Kikubaaqudgha
Makhleb
Nemelex Xobeh
Okawaru
Qazlal
Ru
Sif Muna
Trog
Uskayaw
Vehumet
Wu Jian
Xom
Yredelemnul
Zin
The Shining One

Shops:
D:1 [   D:5 ?:(*[

Annotations:
D:10 2 transporters, Zeld's ghost, novice DEFE


Innate Abilities, Weirdness & Mutations

You have very sharp teeth.
Your uncanny sense of smell can sniff out nearby items.
Your experience applies equally to all skills.


Message History

The naga warrior constricts you.
* * * LOW HITPOINT WARNING * * *
The naga warrior hits you from afar with a +0 halberd.
* * * LOW HITPOINT WARNING * * *
You hit the naga warrior but do no damage.
The naga warrior is severely wounded.
You feel sick.
You hit the naga warrior. Your bite misses the naga warrior.
The naga warrior is almost dead.
The naga warrior spits poison at you.
The splash of poison reflects off an invisible shield around you!
The splash of poison hits the naga warrior but does no damage.
The naga warrior constricts you.
* * * LOW HITPOINT WARNING * * *
The naga warrior hits you but does no damage.
You hit the naga warrior but do no damage.
Your bite misses the naga warrior.
The naga warrior is almost dead.
You feel sick.
Unknown command.
Unknown command.
Unknown command.
Okay, then.
Unknown command.
As you read the scroll of teleportation, it crumbles to dust.
You feel strangely unstable.
You feel sick. You block the naga warrior's attack.
The naga warrior constricts you. You block the naga warrior's attack.
The naga warrior closely misses you. The naga warrior constricts you.
* * * LOW HITPOINT WARNING * * *
The naga warrior roars a battlecry!
The naga warrior goes into a battle-frenzy!
You hit the naga warrior.
You bite the naga warrior, but do no damage.
The naga warrior is almost dead.
You feel sick.
You hit the naga warrior. Your bite misses the naga warrior.
The naga warrior is almost dead.
The naga warrior hits you with a +0 scimitar!!
You die...

..#.........#.########.# #.≈....
.#............# #.####.#....
..............# ##))..÷......
######........# #..)####...≈. #
##.......# #..÷)###..P.≈
#.......# ##..###'...P. #.......#
#..#.#.....P
#.......########..#.....P..
#.......N(@N......#........ #####
#.......###.......#......#. ....#
#.......###.......##..#'#..
#'#####........##...[....####.###
.....................#...........
....................###..........
##........####......####.........
#.........'..###.....###.........
#.####.#'##.....#..N............#


You could see 2 naga warriors.

Vanquished Creatures
  Donald (Snake:2)
  2 nagarajas
  An ironbound preserver (D:13)
  A reaper (IceCv)
  Nessos (D:15)
  A salamander tyrant (Snake:4)
  7 naga warriors
  A boulder beetle (D:13)
  11 hydras
  4 centaur warriors
  Erica (D:9)
  A catoblepas (D:13)
  An ogre mage (D:15)
  11 anacondas
  6 two-headed ogres
  2 tengu warriors
  4 death yaks (Lair:3)
  A vampire mage (D:15)
  5 shock serpents
  13 naga sharpshooters
  Sonja (D:13)
  A titan skeleton (D:15)
  A skeletal warrior (D:15)
  6 sea snakes (Snake:4)
  A salamander mystic (Snake:4)
  A golden dragon zombie (D:15)
  4 naga ritualists
  Pikel (D:9)
  4 mana vipers
  A harpy (shapeshifter) (D:15)
  A necromancer (D:15)
  A deep elf pyromancer (D:15)
  2 orc knights (D:15)
  10 ugly things
  2 orc sorcerers (D:15)
  7 salamanders
  A cyclops (D:14)
  2 manticores
  25 black mambas
  2 ice statues (IceCv)
  Maurice (D:13)
  7 naga magi
  2 guardian serpents (D:15)
  2 gargoyles
  9 cane toads
  4 kobold demonologists
  2 unseen horrors
  A rime drake (shapeshifter) (D:13)
  2 freezing wraiths
  A guardian mummy (D:15)
  An entropy weaver simulacrum (IceCv)
  5 komodo dragons
  A tengu conjurer (D:15)
  A merfolk (shapeshifter) (D:14)
  7 ice devils
  3 meliai (D:15)
  4 trolls
  9 blink frogs
  A blink frog (shapeshifter) (D:9)
  19 slime creatures
  2 vampires
  A shadow (D:10)
  A centaur simulacrum (D:13)
  5 wyverns
  36 yaks
  3 basilisks
  Grum (Lair:1)
  A steam dragon (D:7)
  7 vampire mosquitoes
  A death yak simulacrum (IceCv)
  3 wargs (D:15)
  30 nagas
  2 swamp worms (Lair:3)
  2 acid dragons
  A sky beast (D:8)
  13 water moccasins
  A human skeleton (D:15)
  2 orc warriors
  3 black bears
  14 wolves
  A necrophage (D:7)
  19 centaurs
  6 ogres
  4 phantoms
  2 kobold brigands
  7 bullfrogs
  2 two-headed ogre simulacra (IceCv)
  A gnoll sergeant (D:10)
  A scorpion (D:4)
  A wyvern zombie (D:8)
  2 cane toad simulacra (IceCv)
  A tengu zombie (D:15)
  3 elephant simulacra (IceCv)
  16 wights
  2 troll zombies (D:10)
  5 killer bees (D:9)
  4 electric eels (Lair:1)
  A bullfrog skeleton (D:5)
  4 centaur zombies
  5 orc priests
  2 centaur skeletons
  A gnoll shaman (D:10)
  3 hounds
  2 jellies
  3 iguanas
  10 orc wizards
  2 troll simulacra (IceCv)
  3 spriggan simulacra (IceCv)
  A killer bee zombie (D:4)
  2 wolf simulacra (IceCv)
  6 ogre zombies (D:10)
  A howler monkey zombie (D:8)
  Robin (D:3)
  2 gnolls (D:10)
  A howler monkey skeleton (D:5)
  8 adders
  2 naga simulacra (IceCv)
  2 shadow imps
  6 white imps
  2 ufetubi (IceCv)
  An adder zombie (D:2)
  2 adder skeletons
  27 orcs
  11 ball pythons
  A bat skeleton (D:2)
  8 endoplasms
  5 giant cockroaches
  17 goblins
  17 hobgoblins
  4 jackals (D:1)
  A quokka (D:5)
  4 ball python zombies (D:2)
  9 bats
  7 frilled lizards
  6 goblin zombies (D:10)
  5 hobgoblin zombies (D:10)
  A jackal zombie (D:2)
  17 kobolds
  4 orc skeletons (D:10)
  10 orc zombies (D:10)
  6 rats
670 creatures vanquished.

Vanquished Creatures (collateral kills)
  A naga mage (Snake:3)
  2 black mambas (Snake:1)
  An orc warrior (D:15)
  2 orcs (D:15)
6 creatures vanquished.

Vanquished Creatures (others)
  A naga ritualist (Snake:1)
  A salamander (Snake:3)
  A gnoll (D:10)
  2 fungi
  94 plants
  A withered plant (D:2)
100 creatures vanquished.

Grand Total: 776 creatures vanquished

Notes
Turn   | Place    | Note
-------+----------+-------------------------------------------
     0 | D:1      | jimonade the Gnoll Wanderer began the quest for the Orb.
     0 | D:1      | jimonade set off with the following items: a +0 flail, a +0
                  | short sword, a +0 cloak, a +0 leather armour
     0 | D:1      | Reached XP level 1. HP: 17/17 MP: 2/2
   165 | D:1      | Reached XP level 2. HP: 23/23 MP: 3/3
   502 | D:1      | Found Woalileo's Armour Shoppe.
   965 | D:1      | Reached XP level 3. HP: 26/28 MP: 4/4
  1026 | D:1      | Found a faded altar of an unknown god.
  1487 | D:2      | Reached skill level 1 in Long Blades
  1487 | D:2      | Reached skill level 1 in Axes
  1487 | D:2      | Reached skill level 1 in Polearms
  1487 | D:2      | Reached skill level 1 in Staves
  1487 | D:2      | Reached skill level 1 in Slings
  1487 | D:2      | Reached skill level 1 in Bows
  1487 | D:2      | Reached skill level 1 in Crossbows
  1487 | D:2      | Reached skill level 1 in Throwing
  1487 | D:2      | Reached skill level 1 in Dodging
  1487 | D:2      | Reached skill level 1 in Shields
  1487 | D:2      | Reached skill level 1 in Unarmed Combat
  1487 | D:2      | Reached skill level 1 in Spellcasting
  1487 | D:2      | Reached skill level 1 in Evocations
  1634 | D:2      | Reached XP level 4. HP: 34/34 MP: 6/6
  1840 | D:2      | Reached skill level 1 in Conjurations
  1840 | D:2      | Reached skill level 1 in Hexes
  1840 | D:2      | Reached skill level 1 in Summonings
  1840 | D:2      | Reached skill level 1 in Necromancy
  1840 | D:2      | Reached skill level 1 in Translocations
  1840 | D:2      | Reached skill level 1 in Transmutations
  1840 | D:2      | Reached skill level 1 in Fire Magic
  1840 | D:2      | Reached skill level 1 in Ice Magic
  1840 | D:2      | Reached skill level 1 in Air Magic
  1840 | D:2      | Reached skill level 1 in Earth Magic
  1840 | D:2      | Reached skill level 1 in Poison Magic
  2561 | D:3      | Reached XP level 5. HP: 40/40 MP: 7/7
  2755 | D:3      | Identified the +9 chain mail of the Other Side {rElec
                  | Str+7}
  3187 | D:3      | Noticed Robin
  3187 | D:3      | Identified the +5 long sword "Tunkiamm" {freeze, rN+ Str+4}
  3612 | D:3      | Killed Robin
  3916 | D:4      | Reached XP level 6. HP: 43/47 MP: 8/8
  4279 | D:4      | Reached skill level 5 in Maces & Flails
  4279 | D:4      | Reached skill level 5 in Armour
  4893 | D:5      | Entered Level 5 of the Dungeon
  4982 | D:5      | Noticed a yak
  4983 | D:5      | Noticed a yak
  4989 | D:5      | Noticed a yak
  4998 | D:4      | Killed a yak
  4999 | D:4      | Reached XP level 7. HP: 29/52 MP: 10/10
  5146 | D:4      | Killed a yak
  5149 | D:4      | Killed a yak
  5204 | D:5      | Noticed a yak
  5204 | D:5      | Noticed a yak
  5210 | D:4      | Killed a yak
  5211 | D:4      | Reached XP level 8. HP: 60/60 MP: 12/12
  5219 | D:4      | Killed a yak
  5400 | D:5      | Found Uqoasiav's Antique Armour Shop.
  5421 | D:5      | Found Ithruvino's Weapon Boutique.
  5574 | D:5      | Found Hoollop's Book Boutique.
  5642 | D:5      | Reached skill level 5 in Invocations
  5642 | D:5      | Reached XP level 9. HP: 53/66 MP: 14/14
  5742 | D:5      | Found Musmel's Magic Scroll Emporium.
  5750 | D:5      | Bought a scroll of identify for 30 gold pieces
  5750 | D:5      | Bought a scroll of identify for 30 gold pieces
  5750 | D:5      | Bought 2 scrolls of identify for 60 gold pieces
  5856 | D:5      | Found Tazared's Assorted Antiques.
  6212 | D:6      | Found a staircase to the Ecumenical Temple.
  6339 | D:6      | Reached skill level 5 in Fighting
  6339 | D:6      | Reached skill level 5 in Short Blades
  6736 | Temple   | Entered the Ecumenical Temple
  6892 | Temple   | Became a worshipper of Warmaster Okawaru
  7429 | D:7      | Reached * piety under Okawaru
  7647 | D:7      | Reached XP level 10. HP: 74/74 MP: 17/17
  7969 | D:7      | Reached skill level 5 in Long Blades
  7969 | D:7      | Reached skill level 5 in Axes
  7969 | D:7      | Reached skill level 5 in Polearms
  7969 | D:7      | Reached skill level 5 in Staves
  7969 | D:7      | Reached skill level 5 in Slings
  7969 | D:7      | Reached skill level 5 in Bows
  7969 | D:7      | Reached skill level 5 in Crossbows
  7969 | D:7      | Reached skill level 5 in Throwing
  7969 | D:7      | Reached skill level 5 in Dodging
  7969 | D:7      | Reached skill level 5 in Shields
  7969 | D:7      | Reached skill level 5 in Unarmed Combat
  7969 | D:7      | Reached skill level 5 in Spellcasting
  7969 | D:7      | Reached skill level 5 in Evocations
  8264 | D:8      | Found a snail-covered altar of Cheibriados.
  8454 | D:8      | Reached ** piety under Okawaru
  8971 | D:8      | Found a staircase to the Lair.
  9072 | D:9      | Noticed a six-headed hydra
  9074 | D:9      | Noticed a centaur warrior
  9185 | D:9      | Noticed Erica
  9203 | D:9      | Killed Erica
  9203 | D:9      | Reached *** piety under Okawaru
  9576 | D:9      | Noticed a two-headed ogre
  9708 | D:9      | Reached XP level 11. HP: 82/83 MP: 19/19
  9885 | D:9      | Killed a two-headed ogre
  9885 | D:9      | Reached **** piety under Okawaru
  9886 | D:9      | Reached skill level 5 in Conjurations
  9886 | D:9      | Reached skill level 5 in Hexes
  9886 | D:9      | Reached skill level 5 in Summonings
  9886 | D:9      | Reached skill level 5 in Necromancy
  9886 | D:9      | Reached skill level 5 in Translocations
  9886 | D:9      | Reached skill level 5 in Transmutations
  9886 | D:9      | Reached skill level 5 in Fire Magic
  9886 | D:9      | Reached skill level 5 in Ice Magic
  9886 | D:9      | Reached skill level 5 in Air Magic
  9886 | D:9      | Reached skill level 5 in Earth Magic
  9886 | D:9      | Reached skill level 5 in Poison Magic
 10765 | D:9      | Received a gift from Okawaru
 10970 | D:9      | Noticed Pikel
 10990 | D:9      | Killed Pikel
 11206 | D:9      | Noticed a five-headed hydra
 11218 | D:8      | Killed a six-headed hydra
 11218 | D:8      | Reached ***** piety under Okawaru
 11218 | D:8      | Received a gift from Okawaru
 11321 | D:9      | Killed a centaur warrior
 11340 | D:9      | Killed a five-headed hydra
 11351 | D:9      | Received a gift from Okawaru
 11632 | D:10     | Entered Level 10 of the Dungeon
 11808 | D:10     | Found a staircase to the Orcish Mines.
 12249 | D:10     | Reached XP level 12. HP: 73/91 MP: 22/22
 12458 | D:10     | Noticed a tengu warrior
 12460 | D:10     | Found a transporter.
 12465 | D:10     | Noticed Zeld's ghost (novice DEFE)
 12466 | D:10     | Found a transporter.
 12467 | D:10     | Found a bloodstained altar of Trog.
 12467 | D:10     | Noticed a two-headed ogre
 12467 | D:10     | Noticed a two-headed ogre
 12775 | D:10     | Found a broken altar of Ashenzari.
 13123 | D:11     | Found a frozen archway.
 13157 | IceCv    | Entered an ice cave
 13290 | IceCv    | Received a gift from Okawaru
 14756 | IceCv    | Received a gift from Okawaru
 15768 | IceCv    | Noticed a reaper
 15818 | IceCv    | Killed a reaper
 16112 | D:11     | Noticed a two-headed ogre
 16122 | D:11     | Killed a two-headed ogre
 16430 | D:11     | Noticed an eight-headed hydra
 16449 | D:11     | Killed an eight-headed hydra
 17622 | D:12     | Identified the +1 scale mail of Sunlight {rN+ rCorr Str+2}
 17812 | D:12     | Noticed a seven-headed hydra
 18228 | D:12     | Killed a seven-headed hydra
 18297 | D:12     | Reached XP level 13. HP: 98/98 MP: 17/24
 18400 | D:12     | Received a gift from Okawaru
 18401 | D:12     | Reached skill level 10 in Stealth
 19232 | D:13     | Found an opulent altar of Gozag.
 19510 | D:13     | Found a gate to the Vaults.
 19510 | D:13     | Noticed an ironbound preserver
 19526 | D:13     | Received a gift from Okawaru
 19556 | D:13     | Killed an ironbound preserver
 19826 | D:13     | Noticed Maurice
 19887 | D:13     | Killed Maurice
 20560 | D:13     | Noticed Sonja
 20577 | D:13     | Killed Sonja
 20577 | D:13     | Received a gift from Okawaru
 21282 | D:13     | Received a gift from Okawaru
 21320 | D:13     | Received a gift from Okawaru
 21604 | D:14     | Reached skill level 10 in Maces & Flails
 21604 | D:14     | Reached skill level 10 in Armour
 21604 | D:14     | Reached skill level 10 in Invocations
 21650 | D:14     | Reached XP level 14. HP: 96/108 MP: 26/26
 22635 | D:15     | Entered Level 15 of the Dungeon
 22806 | D:15     | Found a staircase to the Depths.
 22831 | D:15     | Received a gift from Okawaru
 23696 | D:15     | Noticed Nessos
 23707 | D:15     | Killed Nessos
 23905 | D:15     | Received a gift from Okawaru
 24854 | D:15     | Received a gift from Okawaru
 25545 | Depths:1 | Entered Level 1 of the Depths
 25768 | Lair:1   | Entered Level 1 of the Lair of Beasts
 25869 | Lair:1   | Reached skill level 10 in Fighting
 25869 | Lair:1   | Reached skill level 10 in Short Blades
 26017 | Lair:1   | Received a gift from Okawaru
 26668 | Lair:1   | Noticed Grum
 26678 | Lair:1   | Killed Grum
 27254 | Lair:2   | Reached XP level 15. HP: 104/115 MP: 28/28
 27599 | Lair:2   | Identified the +0 robe of the Maze {rPois Regen+ Int-5
                  | Dex-4}
 28068 | Lair:2   | You fall into a shaft and drop 1 floor!
 28510 | Lair:3   | Found a staircase to the Snake Pit.
 28752 | Lair:3   | Reached skill level 10 in Long Blades
 28752 | Lair:3   | Reached skill level 10 in Axes
 28752 | Lair:3   | Reached skill level 10 in Polearms
 28752 | Lair:3   | Reached skill level 10 in Staves
 28752 | Lair:3   | Reached skill level 10 in Slings
 28752 | Lair:3   | Reached skill level 10 in Bows
 28752 | Lair:3   | Reached skill level 10 in Crossbows
 28752 | Lair:3   | Reached skill level 10 in Throwing
 28752 | Lair:3   | Reached skill level 10 in Dodging
 28752 | Lair:3   | Reached skill level 10 in Shields
 28752 | Lair:3   | Reached skill level 10 in Unarmed Combat
 28752 | Lair:3   | Reached skill level 10 in Spellcasting
 28752 | Lair:3   | Reached skill level 10 in Evocations
 28889 | Lair:3   | Found a staircase to the Swamp.
 29241 | Snake:1  | Entered Level 1 of the Snake Pit
 30118 | Snake:1  | Received a gift from Okawaru
 31256 | Snake:2  | Received a gift from Okawaru
 31729 | Snake:2  | Reached ****** piety under Okawaru
 31929 | Snake:2  | Noticed Donald
 31996 | Snake:2  | Killed Donald
 32443 | Snake:2  | Identified the +3 hunting sling "Leviticus" {speed, Will+
                  | Str-4 SInv} (Okawaru gifted it to you on level 2 of the
                  | Snake Pit)
 32443 | Snake:2  | Received a gift from Okawaru
 33423 | Snake:3  | Noticed a nagaraja
 33713 | Snake:3  | Killed a nagaraja
 33913 | Snake:3  | Reached XP level 16. HP: 106/124 MP: 30/30
 35527 | Snake:3  | Found a hazy altar of Hepliaklqana.
 35784 | Snake:4  | Entered Level 4 of the Snake Pit
 37245 | Snake:4  | Received a gift from Okawaru
 37467 | Snake:4  | Noticed a nagaraja
 37494 | Snake:4  | Killed a nagaraja
 38619 | Snake:4  | Received a gift from Okawaru
 38666 | Snake:4  | Demolished by a naga warrior

Illustrated notes

Levels and vault maps discovered:
D:1:      dpeg_arrival_stonehenge_8_columns, layout_basic, serial_shops, shop,
          hellmonk_ecumenical_altar_arch_garden, minmay_heptomino_h4
D:2:      layout_loops_ring, serial_undead, serial_undead_d, serial_undead_f,
          serial_undead_e, serial_undead_a, minmay_cut_off
D:3:      cheibrodos_greedy_goblins, layout_basic, hex_tiny,
          mrwooster_statue_mirror, uniq_robin
D:4:      layout_loops_ring, serial_bayou, serial_bayou_pond_e,
          serial_bayou_lagoon_a, serial_bayou_crossing, serial_bayou_pond_e,
          serial_bayou_pond_d
D:5:      layout_cave_pools, serial_shops, shop, shop_statue,
          nicolae_lakefront_shop, nicolae_square_shop,
          nicolae_shop_bloodbath_and_beyond
D:6:      layout_basic, minmay_temple_entry_mini_moons, minmay_microvault
D:7:      layout_loops_cross, grunt_ministairs_14
D:8:      layout_basic, cheibriados_altar_1, lair_entry_dummy
D:9:      cheibrodos_elevator_heist, layout_basic, grunt_potential, uniq_erica,
          uniq_pikel
D:10:     layout_loops_ring, marbit_many_paths, zombieorc2_lemuel,
          gammafunk_ghost_wrathful_warriors, minmay_misc_feat_room
D:11:     layout_layer_cave, portal_ice_cave_demonic_guard, columned_hall_lemuel
D:12:     layout_roguey
D:13:     layout_grid_maze, skrybe_vaults_entry_preservation,
          minmay_misc_feat_tower, nicolae_gozag_cash_rules_everything_around_me,
          uniq_maurice, uniq_sonja
D:14:     layout_cross
D:15:     gammafunk_depths_entry_grave, layout_loops_ring,
          minmay_misc_feat_columns, serial_aquarium,
          aquarium_bridge_island_small [aquarium_subvault_small_water,
          aquarium_subvault_bridge, aquarium_subvault_window,
          aquarium_subvault_wall, aquarium_subvault_bridge],
          aquarium_window_fake, aquarium_window_1, aquarium_view_2g,
          aquarium_balcony_5a, nrook_guardian_serpent_double, uniq_nessos
Temple:   regret_index_temple_chain_breaker
Lair:1:   layout_cave_pods, disabler_island, uniq_grum
Lair:2:   layout_chaotic_city, grunt_megastairs_1
Lair:3:   layout_roguey, minmay_swamp_entry_worms,
          minmay_snake_entry_guardpost_medium, infiniplex_staircase_pool
Snake:1:  kennysheep_six_static_rooms, layout_onion
Snake:2:  layout_concentric_octagons, nicolae_snake_biting_tails,
          nicolae_coiled_stairwell_up, uniq_donald
Snake:3:  layout_concentric_octagons, basic_altar
Snake:4:  grunt_snake_rune_pools, layout_cave_town, nicolae_snake_snake_lake,
          nicolae_snake_snakes_in_the_grass, grunt_megastairs_3
Depths:1: layout_honeycomb, grunt_decor_one_mirror, grunt_metal_band,
          rand_demon_pan_entry_5, zin_statuary, grunt_megastairs_5

Skill      XL: |  1  2  3  4  5  6  7  8  9 10 11 12 13 14 15 16 |
---------------+-------------------------------------------------+-----
Stealth        | 6 7 8 9 10 11 12 | 12.6
Long Blades    | 1 2 3 4 5 6 7 8 9 10 11 | 11.1
Axes           | 1 2 3 4 5 6 7 8 9 10 11 | 11.1
Polearms       | 1 2 3 4 5 6 7 8 9 10 11 | 11.1
Staves         | 1 2 3 4 5 6 7 8 9 10 11 | 11.1
Slings         | 1 2 3 4 5 6 7 8 9 10 11 | 11.1
Bows           | 1 2 3 4 5 6 7 8 9 10 11 | 11.1
Crossbows      | 1 2 3 4 5 6 7 8 9 10 11 | 11.1
Throwing       | 1 2 3 4 5 6 7 8 9 10 11 | 11.1
Dodging        | 1 2 3 4 5 6 7 8 9 10 11 | 11.1
Shields        | 1 2 3 4 5 6 7 8 9 10 11 | 11.1
Unarmed Combat | 1 2 3 4 5 6 7 8 9 10 11 | 11.1
Spellcasting   | 1 2 3 4 5 6 7 8 9 10 11 | 11.1
Evocations     | 1 2 3 4 5 6 7 8 9 10 11 | 11.1
Conjurations   | 1 2 3 4 5 6 7 8 9 |  9.4
Hexes          | 1 2 3 4 5 6 7 8 9 |  9.4
Summonings     | 1 2 3 4 5 6 7 8 9 |  9.4
Necromancy     | 1 2 3 4 5 6 7 8 9 |  9.4
Translocations | 1 2 3 4 5 6 7 8 9 |  9.4
Transmutations | 1 2 3 4 5 6 7 8 9 |  9.4
Fire Magic     | 1 2 3 4 5 6 7 8 9 |  9.4
Ice Magic      | 1 2 3 4 5 6 7 8 9 |  9.4
Air Magic      | 1 2 3 4 5 6 7 8 9 |  9.4
Earth Magic    | 1 2 3 4 5 6 7 8 9 |  9.4
Poison Magic   | 1 2 3 4 5 6 7 8 9 |  9.4
Invocations    | 3 4 5 6 8 9 10 11 12 | 12.4
Fighting       | 3 4 5 6 7 8 9 10 11 | 11.4
Short Blades   | 3 4 5 6 7 8 9 10 11 | 11.4
Maces & Flails | 5 6 7 8 9 10 11 12 | 12.0
Armour         | 5 6 7 8 9 10 11 12 | 12.0

Action                   |  1- 3 |  4- 6 |  7- 9 | 10-12 | 13-15 | 16-18 || total
-------------------------+-------+-------+-------+-------+-------+-------++-------
Melee: Flail             |   117 |   123 |       |       |       |       ||   240
       Bite              |     6 |    22 |    23 |   143 |   201 |    87 ||   482
       Punch             |     1 |     3 |       |       |       |       ||     4
       Short sword       |       |    28 |       |       |       |       ||    28
       Long sword        |       |    69 |   172 |   791 |       |       ||  1032
       Spear             |       |       |       |   106 |  1705 |   559 ||  2370
Throw: Stone             |       |     9 |     4 |       |       |       ||    13
       Boomerang         |       |       |       |    13 |       |       ||    13
       Dart              |       |       |       |     1 |    19 |     3 ||    23
       Javelin           |       |       |       |       |    17 |     4 ||    21
Invok: Heroism           |       |       |       |    14 |    24 |    11 ||    49
       Finesse           |       |       |       |    10 |    20 |    11 ||    41
  Use: Scroll            |       |     9 |     2 |    15 |     9 |     2 ||    37
       Potion            |       |       |       |     2 |    10 |     5 ||    17
 Stab: Sleeping          |     1 |     1 |       |       |    10 |       ||    12
       Distracted        |       |       |       |     1 |       |     1 ||     2
       Petrified         |       |       |       |       |     7 |       ||     7
       Invisible         |       |       |       |       |     5 |       ||     5
Armor: Scale mail        |    75 |    69 |       |       |       |       ||   144
       Chain mail        |       |    63 |    99 |   353 |   296 |    69 ||   880
Dodge: Dodged            |    68 |    98 |    81 |   450 |   325 |    68 ||  1090
Block: Buckler           |       |    11 |    57 |   247 |       |       ||   315
       Reflection        |       |       |       |    13 |    97 |    57 ||   167
       Tower shield      |       |       |       |   138 |  1272 |   376 ||  1786
